 Dungeon Crawl Stone Soup version 0.31.0-9-g3a7656b989 (webtiles) character file.

Game seed: 14427419892994310806

14933 qw the Skirmisher (level 11, -2/55 HPs)
             Began as a Spriggan Hunter on Feb 2, 2024.
             Was a High Priest of Okawaru.
             Slain by a death yak (35 damage)
             ... on level 11 of the Dungeon.
             The game lasted 00:01:05 (9223 turns).

qw the Skirmisher (Spriggan Hunter)                 Turns: 9223, Time: 00:01:06

Health: -2/55      AC:  8    Str:  6    XL:     11   Next: 95%
Magic:  16/18      EV: 33    Int: 11    God:    Okawaru [*****.]
Gold:   527        SH:  0    Dex: 23    Spells: 10/10 levels left

rFire   . . .        d - +1 arbalest (chaos)
rCold   . . .        (shield currently unavailable)
rNeg    + . .        m - +0 troll leather armour
rPois   +            u - +2 hat
rElec   .            h - +2 ratskin cloak {*Rats rPois rN+ Str-1 Int-1 Dex+1}
rCorr   .            (gloves unavailable)
SInv    +            (boots unavailable)
Will    +....        p - amulet of faith
Stlth   ++           r - +5 ring of evasion
HPRegen 1.09/turn    g - +4 ring of slaying {mikee}
MPRegen 0.16/turn

%: faith
@: finesse-ful, very quick
A: very small, no large weapons, unfitting armour, see invisible, speed 3
a: Renounce Religion, Heroism, Finesse, Duel


You were on level 11 of the Dungeon.
You worshipped Okawaru.
Okawaru was extremely pleased with you.
You visited 2 branches of the dungeon, and saw 12 of its levels.

You collected 716 gold pieces.
You spent 189 gold pieces at shops.


Innate Abilities, Weirdness & Mutations

You are very small and have problems with some larger weapons.
You are too small for most types of armour.
You have supernaturally acute eyesight. (SInv)
You cover ground extremely quickly. (Speed+++)


   Skills:
 - Level 5.0 Fighting
 + Level 13.6 Ranged Weapons
 - Level 1.1 Armour
 - Level 13.2 Dodging
 - Level 1.5 Stealth
 + Level 8.6 Invocations


You had 10 spell levels left.
You didn't know any spells.
Your spell library was empty.

Inventory:

Hand Weapons
 d - a +1 arbalest of chaos (weapon)
Armour
 h - the +2 ratskin cloak (worn) {*Rats rPois rN+ Str-1 Int-1 Dex+1}
   (You found it on level 6 of the Dungeon)

   *Rats:     When the wearer is hurt, rats may emerge from it to assist them.
   Str-1:     It affects your strength (-1).
   Int-1:     It affects your intelligence (-1).
   Dex+1:     It affects your dexterity (+1).
   rPois:     It protects you from poison rN+: It protects you from negative
   energy.
 m - a +0 troll leather armour (worn)
 u - a +2 hat (worn)
Jewellery
 b - the amulet of Rationality {Spirit Dex+2}
   (You acquired it on level 2 of the Dungeon)

   [amulet of guardian spirit]

   Spirit:    It causes incoming damage to be divided between your reserves of
   health and magic.
   Dex+2:     It affects your dexterity (+2).
 g - a +4 ring of slaying (right hand) {mikee}
 p - an amulet of faith (around neck)
 r - a +5 ring of evasion (left hand)
Wands
 j - a wand of light (9)
 l - a wand of digging (7)
 n - a wand of mindburst (18)
 q - a wand of roots (6)
 v - a wand of polymorph (5)
Scrolls
 c - a scroll of fear {unknown}
 k - 9 scrolls of teleportation
 t - a scroll of identify
Potions
 a - 8 potions of curing
 e - a potion of heal wounds
 f - 5 potions of enlightenment
 i - 2 potions of might
 s - 2 potions of cancellation
 w - 2 potions of magic

Dungeon Overview and Level Annotations

Branches:
Dungeon (11/15)            Temple (1/1) D:4             Orc (0/2) D:11
   Lair: D:8-11

Altars:
Ashenzari
Cheibriados
Dithmenos
Elyvilon
Fedhas
Gozag
Hepliaklqana
Kikubaaqudgha
Makhleb
Nemelex Xobeh
Okawaru
Qazlal
Ru
Sif Muna
Trog
Uskayaw
Vehumet
Wu Jian
Xom
Yredelemnul
Zin
The Shining One

Shops:
D:5 *!

Annotations:
D:2 1 runed translucent door, Crazy Yiuf
D:8 3 runed translucent doors, qw's ghost, novice GrHu


Message History

The bolt hits the death yak!
The bolt freezes the death yak.
The death yak is severely wounded.
You shoot a bolt. The bolt hits the death yak.
The bolt freezes the death yak.
The death yak is lightly wounded.
You shoot a bolt. The bolt hits the death yak!
The death yak is poisoned.
The death yak is lightly wounded.
You shoot a bolt. The bolt barely misses the death yak.
The bolt hits the death yak.
The death yak is lightly wounded.
You shoot a bolt. The bolt hits the death yak!
The death yak suddenly seems more resistant.
The death yak is almost dead.
You shoot a bolt. The bolt hits the death yak!
You kill the death yak!
Okawaru is honoured by your kill.
A quokka comes into view.
You shoot a bolt. The bolt hits the death yak!!
The bolt freezes the death yak.
The death yak is heavily wounded.
You shoot a bolt. The bolt barely misses the death yak.
You shoot a bolt.
The bolt hits the death yak but does no damage.
The death yak is heavily wounded.
You shoot a bolt. The bolt hits the death yak.
The death yak is heavily wounded.
The death yak misses you.
You shoot a bolt. The bolt hits the death yak.
The death yak is heavily wounded.
You shoot a bolt. The bolt barely misses the death yak.
The death yak closely misses you.
You shoot a bolt. The bolt hits the death yak.
The death yak seems to grow stronger.
The death yak is heavily wounded.
The death yak gores you!!
You shoot a bolt. The bolt hits the death yak!
The death yak is heavily wounded.
You shoot a bolt. The bolt hits the death yak!
The death yak seems to slow down.
The death yak is almost dead.
The death yak gores you!!
Ouch! That really hurt!
You die...

#.#######...#.#...#
#.###.......#.#.#####.
#...'.[...............
.
#####.......#.#.#####.
.. #.......#....[..#
.. .
#.......###.###.## ..
... #.......# #.# #...
.. .....##.......# #.#
#### ... #.rY@(.....#
#.# ... ####.......#
#.# ... #.......# #.#
... ......... ..
#########


You could see a death yak (strong, very poisoned, slow) and a quokka.

Vanquished Creatures
  Gastronok (D:10)
  4 two-headed ogres
  2 death yaks (D:11)
  Maurice (D:7)
  Jeremiah (D:6)
  A komodo dragon (D:11)
  Psyche (D:11)
  4 trolls (D:10)
  Sigmund (D:2)
  A wyvern (D:9)
  2 vampires
  A shadow (D:9)
  A basilisk (D:11)
  14 yaks
  A steam dragon (D:8)
  Eustachio (D:4)
  Menkaure (D:4)
  3 acid dragons
  2 water moccasins (D:7)
  Duvessa (D:6)
  6 orc warriors
  3 ice beasts
  3 black bears
  2 ogres (D:5)
  4 centaurs
  A phantom (D:6)
  2 bullfrogs
  4 scorpions
  A gnoll sergeant (D:9)
  3 wights (D:6)
  Dowan (D:6)
  6 killer bees
  5 crimson imps (D:8)
  9 howler monkeys
  A bombardier beetle (D:5)
  2 jellies
  3 orc priests
  3 sleepcaps
  7 iguanas
  12 orc wizards
  5 hell rats
  Robin (D:4)
  7 gnolls
  11 adders
  18 river rats (D:6)
  2 shadow imps (D:8)
  6 white imps
  2 dart slugs (D:1)
  50 orcs
  6 bats
  4 endoplasms
  2 giant cockroaches
  25 goblins
  9 hobgoblins
  12 kobolds
  3 quokkas
  6 ball pythons
  3 frilled lizards
  6 rats
300 creatures vanquished.

Vanquished Creatures (others)
  A sky beast (D:6)
  An orc (D:7)
2 creatures vanquished.

Grand Total: 302 creatures vanquished

Notes
Turn   | Place    | Note
-------+----------+-------------------------------------------
     0 | D:1      | qw the Spriggan Hunter began the quest for the Orb.
     0 | D:1      | Reached XP level 1. HP: 10/10 MP: 2/2
     0 | D:1      | 0 ||| qw: Version: 0.3-a-155-g5e7d8dd
     0 | D:1      | 0 ||| qw: Game counter: 2672
     0 | D:1      | 0 ||| qw: Melee chars always use a shield: true
     0 | D:1      | 0 ||| qw: God list: Okawaru
     0 | D:1      | 0 ||| qw: Allow faded altars: false
     0 | D:1      | 0 ||| qw: Do Orc after clearing Dungeon:15 true
     0 | D:1      | 0 ||| qw: Do second Lair branch before Depths: true
     0 | D:1      | 0 ||| qw: Lair rune preference: random
     0 | D:1      | 0 ||| qw: Goals: Normal
     0 | D:1      | 0 ||| PLANNING D:1-11
    27 | D:1      | Reached skill level 3 in Dodging
    65 | D:1      | Reached XP level 2. HP: 14/14 MP: 3/3
   100 | D:1      | 100 ||| SWAPPING to +0 arbalest.
   101 | D:1      | 101 ||| DROPPING +0 shortbow.
   664 | D:1      | Reached XP level 3. HP: 10/18 MP: 4/4
   697 | D:1      | Found a faded altar of an unknown god.
   975 | D:1      | 975 ||| UPGRADING to ring of willpower.
   976 | D:1      | 976 ||| UPGRADING to ring of willpower.
   977 | D:1      | 977 ||| READING scroll labelled VOGOUGIKIPS.
   978 | D:1      | 978 ||| READING scroll labelled GUODEORCHOTHRO.
   981 | D:1      | 981 ||| DROPPING scroll of butterflies.
  1031 | D:2      | Noticed Sigmund
  1037 | D:2      | Killed Sigmund
  1038 | D:2      | Reached skill level 6 in Ranged Weapons
  1038 | D:2      | Reached XP level 4. HP: 19/22 MP: 5/5
  1038 | D:2      | Reached XP level 5. HP: 22/25 MP: 6/6
  1348 | D:2      | Found a runed translucent door.
  1349 | D:2      | Noticed Crazy Yiuf
  1729 | D:2      | 1729 ||| DROPPING +6 ring of intelligence.
  1730 | D:2      | 1730 ||| READING 2 scrolls labelled QAYCEI GUSOKH.
  1730 | D:2      | 1730 ||| IDENTIFYING lumpy amethyst potion
  1731 | D:2      | 1731 ||| READING scroll of identify.
  1731 | D:2      | 1731 ||| IDENTIFYING fizzy dark potion
  1732 | D:2      | 1732 ||| READING scroll labelled OGAHUSSOMO.
  1732 | D:2      | Identified a scroll of acquirement
  1732 | D:2      | 1732 ||| ACQUIRING amulet of Rationality {Spirit Dex+2}
  1732 | D:2      | Acquired the amulet of Rationality {Spirit Dex+2}
  1734 | D:2      | 1734 ||| UPGRADING to amulet of Rationality {Spirit Dex+2}.
  1739 | D:2      | 1739 ||| READING scroll labelled QOEXOMI KAONUA.
  1840 | D:2      | 1840 ||| DRINKING 2 emerald potions.
  1841 | D:2      | 1841 ||| DROPPING potion of lignification.
  1842 | D:2      | 1842 ||| DROPPING potion of magic.
  1923 | D:3      | You fall into a shaft and drop 2 floors!
  1923 | D:5      | Entered Level 5 of the Dungeon
  1965 | D:5      | Found Ezomu's Distillery.
  1973 | D:5      | 1973 ||| BUYING potion of enlightenment (50 gold).
  1973 | D:5      | Bought a potion of enlightenment for 50 gold pieces
  1973 | D:5      | 1973 ||| BUYING potion of enlightenment (50 gold).
  1973 | D:5      | Bought a potion of enlightenment for 50 gold pieces
  1973 | D:5      | 1973 ||| SHOPLISTING potion of enlightenment (50 gold, have
                  | 35).
  1973 | D:5      | 1973 ||| SHOPLISTING potion of heal wounds (50 gold, have
                  | 35).
  1999 | D:5      | Noticed an ogre
  2002 | D:5      | Killed an ogre
  2003 | D:5      | Reached XP level 6. HP: 30/30 MP: 7/7
  2028 | D:5      | Found Noefios's Assorted Antiques.
  2054 | D:5      | 2054 ||| READING scroll of identify.
  2054 | D:5      | 2054 ||| IDENTIFYING scroll labelled ZIFOAXESTA
  2055 | D:5      | 2055 ||| READING scroll labelled PYATRA QUIT.
  2055 | D:5      | 2055 ||| ENCHANTING +0 robe.
  2056 | D:5      | 2056 ||| DROPPING scroll of blinking.
  2061 | D:5      | Reached skill level 6 in Dodging
  2084 | D:4      | Noticed Menkaure
  2093 | D:4      | Killed Menkaure
  2094 | D:4      | Reached XP level 7. HP: 19/35 MP: 3/8
  2363 | D:3      | Found a basalt altar of Yredelemnul.
  2394 | D:3      | Found a blossoming altar of Fedhas.
  2545 | D:3      | 2545 ||| UPGRADING to +4 ring of slaying {mikee}.
  2547 | D:3      | 2547 ||| DROPPING ring of willpower.
  2548 | D:3      | 2548 ||| READING scroll of identify.
  2548 | D:3      | 2548 ||| IDENTIFYING 2 fizzy blue potions
  2549 | D:3      | 2549 ||| READING scroll labelled GOMMUG HYLEQAS.
  2549 | D:3      | 2549 ||| ENCHANTING +0 arbalest.
  2550 | D:3      | 2550 ||| DRINKING 3 smoky brown potions.
  2899 | D:4      | 2899 ||| FLEEEEING.
  2900 | D:4      | 2900 ||| FLEEEEING.
  2901 | D:4      | 2901 ||| FLEEEEING.
  2902 | D:4      | 2902 ||| FLEEEEING.
  2903 | D:4      | 2903 ||| FLEEEEING.
  2904 | D:4      | 2904 ||| FLEEEEING.
  2905 | D:4      | 2905 ||| FLEEEEING.
  2906 | D:4      | 2906 ||| FLEEEEING.
  2908 | D:4      | 2908 ||| FLEEEEING.
  2910 | D:4      | 2910 ||| FLEEEEING.
  2953 | D:4      | Noticed Robin
  2959 | D:4      | Killed Robin
  2989 | D:4      | Noticed Eustachio
  2991 | D:4      | 2991 ||| RETREEEEATING.
  2992 | D:4      | 2992 ||| RETREEEEATING.
  2993 | D:4      | 2993 ||| RETREEEEATING.
  2994 | D:4      | 2994 ||| RETREEEEATING.
  2995 | D:4      | 2995 ||| RETREEEEATING.
  2997 | D:4      | 2997 ||| RETREEEEATING.
  2999 | D:4      | 2999 ||| RETREEEEATING.
  3001 | D:4      | 3001 ||| RETREEEEATING.
  3002 | D:4      | 3002 ||| RETREEEEATING.
  3003 | D:4      | 3003 ||| RETREEEEATING.
  3004 | D:4      | 3004 ||| RETREEEEATING.
  3005 | D:4      | 3005 ||| RETREEEEATING.
  3006 | D:4      | 3006 ||| RETREEEEATING.
  3007 | D:4      | 3007 ||| RETREEEEATING.
  3008 | D:4      | 3008 ||| RETREEEEATING.
  3009 | D:4      | 3009 ||| RETREEEEATING.
  3010 | D:4      | 3010 ||| RETREEEEATING.
  3023 | D:4      | Killed Eustachio
  3024 | D:4      | Reached XP level 8. HP: 16/39 MP: 5/9
  3510 | D:4      | Found a staircase to the Ecumenical Temple.
  3511 | D:4      | 3511 ||| PLANNING TEMPLE
  3511 | D:4      | 3511 ||| READING scroll of identify.
  3511 | D:4      | 3511 ||| IDENTIFYING scroll labelled VULLID VEOTWOA
  3512 | D:4      | 3512 ||| READING 2 scrolls labelled JODEHY YHEXU.
  3513 | D:4      | 3513 ||| DROPPING scroll of noise.
  3514 | D:4      | 3514 ||| DROPPING scroll of silence.
  3523 | Temple   | Entered the Ecumenical Temple
  3524 | Temple   | 3524 ||| PLANNING OKAWARU WORSHIP
  3527 | Temple   | Became a worshipper of Warmaster Okawaru
  3528 | Temple   | 3528 ||| PLANNING D:1-11
  3528 | Temple   | 3528 ||| REMOVING amulet of Rationality {Spirit Dex+2}.
  3709 | D:5      | Reached skill level 3 in Fighting
  4064 | D:5      | 4064 ||| READING scroll of identify.
  4064 | D:5      | 4064 ||| IDENTIFYING clear potion
  4065 | D:5      | 4065 ||| DROPPING potion of degeneration.
  4165 | D:6      | Reached skill level 9 in Ranged Weapons
  4168 | D:6      | Reached skill level 9 in Dodging
  4203 | D:6      | Reached * piety under Okawaru
  4260 | D:6      | Reached skill level 1 in Invocations
  4305 | D:6      | Found the +2 ratskin cloak {*Rats rPois rN+ Str-1 Int-1
                  | Dex+1}
  4376 | D:6      | Noticed Dowan
  4379 | D:6      | Noticed Duvessa
  4385 | D:6      | Killed Duvessa
  4386 | D:6      | Reached XP level 9. HP: 36/44 MP: 11/11
  4386 | D:6      | Killed Dowan
  4538 | D:6      | Reached ** piety under Okawaru
  4575 | D:6      | Reached skill level 3 in Invocations
  4599 | D:6      | 4599 ||| UPGRADING to +2 ratskin cloak {*Rats rPois rN+
                  | Str-1 Int-1 Dex+1}.
  4604 | D:6      | 4604 ||| READING scroll labelled MUUTI IZ ATA.
  4604 | D:6      | 4604 ||| BRANDING +1 arbalest.
  4605 | D:6      | Noticed Jeremiah
  4606 | D:6      | 4606 ||| INVOKING Heroism.
  4621 | D:6      | Killed Jeremiah
  4672 | D:5      | 4672 ||| BUYING fuming inky potion (27 gold).
  4672 | D:5      | Bought a fuming inky potion for 27 gold pieces
  4672 | D:5      | 4672 ||| SHOPLISTING scroll of enchant weapon (232 gold,
                  | have 198).
  4672 | D:5      | 4672 ||| BUYING scroll of identify (62 gold).
  4672 | D:5      | Bought a scroll of identify for 62 gold pieces
  4900 | D:6      | 4900 ||| READING scroll of identify.
  4900 | D:6      | 4900 ||| IDENTIFYING fizzy pink potion
  4901 | D:6      | 4901 ||| DROPPING potion of invisibility.
  4953 | D:7      | Found a hazy altar of Hepliaklqana.
  4954 | D:7      | Found a snail-covered altar of Cheibriados.
  4957 | D:7      | 4957 ||| RETREEEEATING.
  4959 | D:7      | 4959 ||| RETREEEEATING.
  4961 | D:7      | 4961 ||| RETREEEEATING.
  5083 | D:7      | 5083 ||| RETREEEEATING.
  5144 | D:7      | Reached *** piety under Okawaru
  5291 | D:7      | Noticed Maurice
  5292 | D:7      | 5292 ||| INVOKING Heroism.
  5300 | D:7      | Killed Maurice
  5301 | D:7      | Reached XP level 10. HP: 41/49 MP: 12/14
  5347 | D:7      | Found a stormy altar of Qazlal.
  5773 | D:7      | 5773 ||| READING 3 scrolls of identify.
  5773 | D:7      | 5773 ||| IDENTIFYING fuming inky potion
  5774 | D:7      | 5774 ||| DROPPING potion of brilliance.
  5812 | D:8      | 5812 ||| RETREEEEATING.
  5813 | D:8      | 5813 ||| RETREEEEATING.
  5814 | D:8      | 5814 ||| RETREEEEATING.
  5825 | D:8      | Reached skill level 12 in Dodging
  5827 | D:8      | HP: 1/49 [yak (13)]
  5828 | D:8      | 5828 ||| READING 8 scrolls of teleportation.
  5829 | D:8      | 5829 ||| DRINKING 2 potions of heal wounds.
  5982 | D:8      | 5982 ||| INVOKING Heroism.
  6288 | D:8      | Found an ancient bone altar of Kikubaaqudgha.
  6780 | D:8      | Found a runed translucent gate.
  6803 | D:8      | Found a runed translucent gate.
  6803 | D:8      | Found an opulent altar of Gozag.
  6804 | D:8      | Found a runed translucent gate.
  6975 | D:8      | Noticed qw's ghost (novice GrHu)
  6976 | D:8      | Noticed a deep elf pyromancer
  6977 | D:8      | 6977 ||| DROPPING ring of flight.
  6978 | D:8      | 6978 ||| READING 3 scrolls of identify.
  6978 | D:8      | 6978 ||| IDENTIFYING scroll labelled GOXZEU DAKAT
  6979 | D:8      | 6979 ||| DROPPING scroll of amnesia.
  7032 | D:9      | Reached skill level 12 in Ranged Weapons
  7037 | D:9      | 7037 ||| INVOKING Heroism.
  7141 | D:9      | Reached **** piety under Okawaru
  7342 | D:9      | Noticed a two-headed ogre
  7343 | D:9      | 7343 ||| INVOKING Finesse.
  7346 | D:9      | Killed a two-headed ogre
  7504 | D:9      | 7504 ||| RETREEEEATING.
  7540 | D:9      | Found a bloodstained altar of Trog.
  7797 | D:9      | Reached XP level 11. HP: 55/55 MP: 15/15
  7901 | D:9      | 7901 ||| UPGRADING to amulet of faith.
  7906 | D:9      | 7906 ||| UPGRADING to +5 ring of evasion.
  7908 | D:9      | 7908 ||| DROPPING ring of willpower.
  7909 | D:9      | 7909 ||| READING 2 scrolls of identify.
  7909 | D:9      | 7909 ||| IDENTIFYING green potion
  7910 | D:9      | 7910 ||| READING scroll of identify.
  7910 | D:9      | 7910 ||| IDENTIFYING 2 sedimented pink potions
  7911 | D:9      | 7911 ||| DROPPING potion of attraction.
  7947 | D:10     | Entered Level 10 of the Dungeon
  8115 | D:10     | 8115 ||| RETREEEEATING.
  8117 | D:10     | 8117 ||| RETREEEEATING.
  8118 | D:10     | 8118 ||| RETREEEEATING.
  8119 | D:10     | 8119 ||| RETREEEEATING.
  8120 | D:10     | 8120 ||| RETREEEEATING.
  8121 | D:10     | 8121 ||| RETREEEEATING.
  8122 | D:10     | 8122 ||| RETREEEEATING.
  8123 | D:10     | 8123 ||| RETREEEEATING.
  8124 | D:10     | 8124 ||| RETREEEEATING.
  8126 | D:10     | 8126 ||| RETREEEEATING.
  8127 | D:10     | 8127 ||| RETREEEEATING.
  8128 | D:10     | Reached ***** piety under Okawaru
  8137 | D:10     | 8137 ||| INVOKING Finesse.
  8225 | D:10     | Noticed Gastronok
  8226 | D:10     | 8226 ||| INVOKING Finesse.
  8240 | D:10     | 8240 ||| INVOKING Heroism.
  8241 | D:10     | Killed Gastronok
  8242 | D:10     | Reached skill level 6 in Invocations
  8338 | D:10     | 8338 ||| RETREEEEATING.
  8339 | D:10     | 8339 ||| RETREEEEATING.
  8340 | D:10     | 8340 ||| RETREEEEATING.
  8341 | D:10     | 8341 ||| RETREEEEATING.
  8342 | D:10     | 8342 ||| RETREEEEATING.
  8343 | D:10     | 8343 ||| RETREEEEATING.
  8344 | D:10     | 8344 ||| RETREEEEATING.
  8345 | D:10     | 8345 ||| RETREEEEATING.
  8346 | D:10     | 8346 ||| RETREEEEATING.
  8349 | D:10     | Received a gift from Okawaru
  8454 | D:10     | Found a broken altar of Ashenzari.
  8817 | D:10     | 8817 ||| UPGRADING to +0 troll leather armour.
  8827 | D:10     | 8827 ||| DROPPING +1 robe.
  8828 | D:10     | 8828 ||| UPGRADING to +1 hat.
  8833 | D:10     | 8833 ||| READING scroll of enchant armour.
  8833 | D:10     | 8833 ||| ENCHANTING +1 hat.
  8916 | D:11     | Noticed a two-headed ogre
  8917 | D:11     | 8917 ||| INVOKING Finesse.
  8920 | D:11     | Killed a two-headed ogre
  8921 | D:11     | Reached skill level 1 in Armour
  8957 | D:11     | Found a staircase to the Orcish Mines.
  8974 | D:11     | Noticed Psyche
  8979 | D:11     | Killed Psyche
  8999 | D:11     | Noticed a two-headed ogre
  9000 | D:11     | 9000 ||| INVOKING Finesse.
  9002 | D:11     | Killed a two-headed ogre
  9003 | D:11     | Noticed a two-headed ogre
  9006 | D:11     | Killed a two-headed ogre
  9194 | D:11     | Noticed a death yak
  9195 | D:11     | 9195 ||| INVOKING Finesse.
  9205 | D:11     | Noticed a death yak
  9206 | D:11     | Killed a death yak
  9208 | D:11     | Noticed a death yak
  9214 | D:11     | Killed a death yak
  9223 | D:11     | Slain by a death yak

Levels and vault maps discovered:
D:1:      tekkud_arrival_beachfront_property, layout_basic,
          hellmonk_ecumenical_altar_prayer_group
D:2:      layout_basic, uniq_sigmund, uniq_crazy_yiuf_cottage
D:3:      layout_rooms, mainiacjoe_overflow_two_lobes
D:4:      cheibrodos_pilgrimage, layout_basic, temple_hall,
          minmay_goblin_outpost, uniq_robin, uniq_eustachio, uniq_menkaure
D:5:      layout_basic, serial_shops, nicolae_shop_industrial_runoff,
          nicolae_take_the_stairs
D:6:      wander_guarded_unrand_ratskin, layout_rooms, roderic_roman_lattice,
          uniq_jeremiah, uniq_duvessa
D:7:      layout_basic, chequers_temple_overflow_statue_of_worship,
          lemuel_tele_altar, amcnicky_mini_corridor_feature, uniq_maurice
D:8:      layout_layer_cave, nicolae_kikubaaqudgha_miasma_corner,
          ebering_ghost_gozag, minmay_nine_imps
D:9:      nicolae_BIG_FREAKIN_CUBE, layout_basic, trog_ov_bears_minmay,
          st_stairs_4, dk_noncrumbling_3, minmay_tree_intersection,
          minmay_orc_keep
D:10:     layout_stronghold, nicolae_ashenzari_skybound, uniq_gastronok
D:11:     layout_basic, dpeg_lair_monsters, orc_0_dummy, uniq_erolcha,
          uniq_psyche
Temple:   zaba_magenta_temple

Skill      XL: |  1  2  3  4  5  6  7  8  9 10 11 |
---------------+----------------------------------+-----
Dodging        | 3 4 5 6 8 9 11 13 | 13.2
Ranged Weapons | 6 7 8 9 10 12 13 | 13.6
Fighting       | 2 3 4 5 |  5.0
Invocations    | 2 4 8 |  8.6
Armour         | 1 |  1.1
Stealth        | |  1.5

Action                     |  1- 3 |  4- 6 |  7- 9 | 10-12 || total
---------------------------+-------+-------+-------+-------++-------
   Fire: Shortbow          |    19 |       |       |       ||    19
         Arbalest          |    50 |    45 |   313 |   313 ||   721
 Invoke: Heroism           |       |       |     2 |     3 ||     5
         Finesse           |       |       |       |     6 ||     6
    Use: Scroll            |     2 |     6 |     7 |     6 ||    21
         Potion            |       |     1 |     1 |     1 ||     3
 Armour: Robe              |    13 |     5 |    57 |    41 ||   116
         Troll leather arm |       |       |       |     2 ||     2
  Dodge: Dodged            |    38 |    29 |   233 |   152 ||   452

Table legend:
 A = Non-vault XP
 B = Vault XP
 C = Vault XP percentage of total XP
 D = Non-vault monster count
 E = Vault monster count
 F = Vault count percentage of total count
                 A         B        C        D         E       F
            +---------+---------+-------+---------+---------+-------
      Total |   14790 |    6544 |  30.7 |     211 |      90 |  29.9
            +---------+---------+-------+---------+---------+-------
        D:1 |      37 |       8 |  17.8 |      21 |       5 |  19.2
        D:2 |      24 |     239 |  90.9 |       9 |       1 |  10.0
        D:3 |      28 |       0 |   0.0 |      11 |       0 |   0.0
        D:4 |     490 |     471 |  49.0 |      31 |      31 |  50.0
        D:5 |     581 |       0 |   0.0 |      20 |       0 |   0.0
        D:6 |     883 |     972 |  52.4 |      17 |      25 |  59.5
        D:7 |    1765 |     547 |  23.7 |      32 |       1 |   3.0
        D:8 |    1731 |     283 |  14.1 |      17 |       9 |  34.6
        D:9 |    2461 |     567 |  18.7 |      28 |      12 |  30.0
       D:10 |    3519 |    1466 |  29.4 |      18 |       1 |   5.3
       D:11 |    3271 |    1991 |  37.8 |       7 |       5 |  41.7
            +---------+---------+-------+---------+---------+-------
